 Dungeon Crawl Stone Soup version 0.30-b1-2-g02819fbbbe (webtiles) character file.

Game seed: 4198745977651692883

13470 sanka the Nimble (level 11, -1/72 HPs)
             Began as a Deep Elf Transmuter on May 8, 2023.
             Was an Elder of Vehumet.
             Slain by Fannar
             ... wielding a staff of cold
              (17 damage)
             ... on level 1 of the Lair of Beasts.
             The game lasted 00:29:35 (14882 turns).

sanka the Nimble (Deep Elf Transmuter)             Turns: 14882, Time: 00:29:36

Health: -1/72      AC: 11    Str:  7    XL:     11   Next: 76%
Magic:  6/22       EV: 20    Int: 23    God:    Vehumet [****..]
Gold:   228        SH:  0    Dex: 15    Spells: 17/22 levels left

rFire   . . .        b - staff of earth
rCold   . . .        (no shield)
rNeg    . . .        L - +2 robe {Will+}
rPois   .            (no helmet)
rElec   .            (no cloak)
rCorr   .            l - +0 pair of gloves
SInv    .            M - +1 pair of boots
Will    +++..        y - amulet of faith
Stlth   +            h - +4 ring of protection
HPRegen 0.32/turn    c - ring of willpower
MPRegen 0.18/turn

%: faith
@: no status effects
A: no striking features
a: Renounce Religion


You were on level 1 of the Lair of Beasts.
You worshipped Vehumet.
Vehumet was greatly pleased with you.
You visited 3 branches of the dungeon, and saw 12 of its levels.

You collected 769 gold pieces.
You spent 541 gold pieces at shops.

Inventory:

Hand Weapons
 a - a +1 whip of venom
 F - a +5 halberd
 K - a +4 dagger of distortion
Missiles
 G - 2 curare-tipped darts {=f}
Armour
 l - a +0 pair of gloves (worn)
 H - +0 steam dragon scales
 L - a +2 robe of willpower (worn)
 M - a +1 pair of boots (worn)
Magical Staves
 b - a staff of earth (weapon)
Jewellery
 c - a ring of willpower (right hand)
 h - a +4 ring of protection (left hand)
 y - an amulet of faith (around neck)
 E - a ring of resist corrosion
 N - an amulet of magic regeneration
Wands
 v - a wand of charming (19)
 x - a wand of flame (12)
 A - a wand of acid (2)
Scrolls
 f - 5 scrolls of magic mapping
 i - a scroll of amnesia
 j - a scroll of summoning
 k - 3 scrolls of blinking
 m - 6 scrolls of teleportation {@r4}
 n - 3 scrolls of enchant armour
 o - 2 scrolls of poison {!r}
 r - 3 scrolls of fog
 s - 2 scrolls of noise {!r}
 u - 3 scrolls of vulnerability {!r}
 w - 2 scrolls of immolation {!r}
 I - 2 scrolls of enchant weapon
 J - a scroll of fear {unknown}
Potions
 d - 7 potions of mutation {unknown}
 e - 3 potions of haste {@q3}
 g - 3 potions of resistance {unknown}
 p - 6 potions of curing {@q1}
 q - 2 potions of brilliance {unknown}
 t - 3 potions of degeneration {unknown}
 z - a potion of flight {unknown}
 B - 2 potions of lignification {!q}
 C - 2 potions of magic {unknown}
 D - 3 potions of heal wounds {unknown}
 O - a potion of attraction {!q}
 P - a potion of cancellation {unknown}


   Skills:
 + Level 9.9 Fighting
 + Level 14.7 Dodging
 - Level 2.4 Unarmed Combat
 - Level 6.0 Spellcasting
 - Level 6.0 Conjurations
 - Level 2.1 Transmutations
 - Level 6.0 Earth Magic


You had 17 spell levels left.
You knew the following spells:

 Your Spells              Type           Power      Damage    Failure   Level
a - Beastly Appendage     Tmut           32%        N/A       3%          1
b - Stone Arrow           Conj/Erth      100%       3d13      1%          3
c - Sandblast             Erth           100%       2d20      1%          1

Your spell library contained the following spells:

 Spells                   Type           Power      Damage    Failure   Level
 Mephitic Cloud           Conj/Pois/Air  16%        N/A       3%          3
 Passwall                 Tmut/Erth      31%        N/A       2%          2
 Dazzling Flash           Conj/Hex       40%        N/A       2%          3
 Wereblood                Tmut           16%        N/A       5%          2
 Ignite Poison            Fire/Tmut/Pois 10%        N/A       5%          3
 Sticky Flame             Conj/Fire      20%        2d4       7%          4
 Ensorcelled Hibernation  Hex/Ice        12%        N/A       13%         2
 Spider Form              Tmut/Pois      11%        N/A       16%         3
 Swiftness                Air            6%         N/A       26%         3
 Ice Form                 Ice/Tmut       11%        N/A       47%         4
 Agony                    Necr           6%         N/A       93%         5
 Silence                  Hex/Air        3%         N/A       93%         5
 Ignition                 Fire           3%         3d4       100%        8


Dungeon Overview and Level Annotations

Branches:
Dungeon (10/15)            Temple (1/1) D:4            Lair (1/5) D:10
    Orc (0/2) D:9

Altars:
Ashenzari
Cheibriados
Dithmenos
Elyvilon
Fedhas
Gozag
Hepliaklqana
Kikubaaqudgha
Makhleb
Nemelex Xobeh
Okawaru
Qazlal
Ru
Sif Muna
Vehumet
Wu Jian
Xom
Yredelemnul
Zin
The Shining One

Shops:
D:2 :(:!*   D:4 [(=(

Annotations:
D:5 3 runed translucent doors, Dirian's ghost, novice MiFi; MrCrawl's ghost, novice DsNe; bl3nd3r's ghost, novice MiBe
Lair:1 Fannar


Message History

Fannar the Cold-Hearted comes into view.
They are wielding a staff of cold and wearing a +1 robe of cold resistance.
Found a book of Frost.
Fannar shouts!
You feel a surge of power!
The stone arrow hits Fannar!
Fannar is moderately wounded.
Fannar gestures at you while chanting. The bolt of cold hits you.
You feel a surge of power!
The stone arrow misses Fannar.
Fannar misses you.
You feel a surge of power!
The stone arrow misses Fannar.
Fannar completely misses you.
You feel a surge of power!
The stone arrow hits Fannar!!
Fannar is heavily wounded.
Fannar gestures wildly while chanting.
Fannar drains the heat from the surrounding environment!
You feel a surge of power!
The stone arrow misses Fannar.
Fannar hits you but does no damage. Fannar freezes you!
Unknown command.
You are too injured to fight recklessly!
Unknown command.
Casting: Stone Arrow (safe; 1% risk of failure)
Confirm with . or Enter, or press ? or * to list all spells.
Aiming: Sandblast (safe; 1% risk of failure)
Press: ? - help, Shift-Dir - straight line, f/p - Fannar
Aim: Fannar, wielding a staff of cold and wearing a +1 robe of cold resistance (heavily wounded, 76% to hit)
You feel a surge of power!
The blast of sand hits Fannar but does no damage.
Fannar is heavily wounded.
Fannar hits you but does no damage. Fannar freezes you.
Unknown command.
Casting: Sandblast (safe; 1% risk of failure)
Confirm with . or Enter, or press ? or * to list all spells.
Aiming: Sandblast (safe; 1% risk of failure)
Press: ? - help, Shift-Dir - straight line, f/p - Fannar
Aim: Fannar, wielding a staff of cold and wearing a +1 robe of cold resistance (heavily wounded, 76% to hit)
You feel a surge of power!
The blast of sand misses Fannar.
Fannar gestures wildly while chanting.
Fannar drains the heat from the surrounding environment!
* * * LOW HITPOINT WARNING * * *
Fannar hits you but does no damage. Fannar freezes you!
You die...

#. #.## ###.####..# #
##....#....# #
#....#....## #
###........###
##.....##.....#
###..#...#.##...#
#........###....# #
######.:.e@.#.# ##.###
###
##P........##.#.####...#
#.###...#..)..
##...#.....#
##.....##....
#.#...#...#
...#...P.....
#...####.##
.###.....#... #...# ##
.##.[#####.# #..##
.#...### ..# #..#
.....#.#...# ##..#


You could see Fannar.

Vanquished Creatures
  An ogre mage (D:10)
  A centaur warrior (D:10)
  3 two-headed ogres
  A deep elf pyromancer (D:10)
  3 cyclopes (D:10)
  2 cane toads (Lair:1)
  A gargoyle (D:6)
  Psyche (D:8)
  A kobold demonologist (D:6)
  A komodo dragon (Lair:1)
  3 trolls
  2 hornets
  4 blink frogs (Lair:1)
  Sigmund (D:6)
  A shadow (D:9)
  3 wraiths
  2 wyverns
  A basilisk (Lair:1)
  Grum (D:8)
  A steam dragon (D:9)
  An acid dragon (D:10)
  A water moccasin (D:6)
  4 orc warriors
  An ice beast (D:7)
  A black bear (D:5)
  3 ogres (D:5)
  A wolf (D:8)
  3 centaurs
  A phantom (D:7)
  2 kobold brigands
  3 bullfrogs
  A gnoll sergeant (D:5)
  2 scorpions (D:5)
  14 wights
  6 killer bees
  3 howler monkeys
  7 hounds
  A jelly (D:6)
  6 orc priests
  2 gnoll boudas
  An iguana (D:4)
  A sleepcap (D:4)
  11 orc wizards
  12 gnolls
  9 adders
  2 shadow imps
  2 white imps
  An ufetubus (D:5)
  A dart slug (D:2)
  40 orcs
  9 ball pythons
  4 endoplasms
  3 giant cockroaches
  10 goblins
  11 hobgoblins
  6 jackals
  12 kobolds
  4 quokkas
  3 bats
  5 frilled lizards
  4 rats
248 creatures vanquished.

Vanquished Creatures (others)
  A fungus (Lair:1)
  10 plants
  2 withered plants (D:5)
13 creatures vanquished.

Grand Total: 261 creatures vanquished

Notes
Turn   | Place    | Note
-------+----------+-------------------------------------------
     0 | D:1      | sanka the Deep Elf Transmuter began the quest for the Orb.
     0 | D:1      | Reached XP level 1. HP: 11/11 MP: 6/6
    24 | D:1      | Reached skill level 1 in Fighting
    39 | D:1      | Reached skill level 3 in Dodging
    39 | D:1      | Reached XP level 2. HP: 10/16 MP: 8/8
   352 | D:1      | Reached XP level 3. HP: 21/21 MP: 9/9
   584 | D:2      | Found Qoughut's Book Shop.
   618 | D:2      | Found Fiytzoure's Book Emporium.
   649 | D:2      | Found Buwnat's Assorted Antiques.
   753 | D:2      | Reached skill level 4 in Dodging
   804 | D:2      | Reached XP level 4. HP: 26/26 MP: 8/10
   939 | D:2      | Found Xyceschuo's Weapon Shoppe.
   977 | D:2      | Found Qaqaevvo's Distillery.
  1063 | D:2      | Reached skill level 5 in Dodging
  1316 | D:3      | Found a glowing golden altar of the Shining One.
  1677 | D:3      | Reached XP level 5. HP: 30/30 MP: 11/11
  1722 | D:3      | Reached skill level 6 in Dodging
  1903 | D:3      | Reached skill level 1 in Conjurations
  1903 | D:3      | Reached skill level 1 in Earth Magic
  2199 | D:4      | Reached XP level 6. HP: 27/35 MP: 12/12
  2390 | D:4      | Found Jainev's Weapon Emporium.
  2623 | D:4      | Found Anloq's Antique Weapon Shoppe.
  2750 | D:4      | Found an ancient bone altar of Kikubaaqudgha.
  2756 | D:4      | Found an ornate altar of the Wu Jian Council.
  2990 | D:4      | Found Hoozedua's Antique Armour Boutique.
  3217 | D:4      | Found Lamedopu's Jewellery Shop.
  3253 | D:4      | Found a staircase to the Ecumenical Temple.
  3274 | Temple   | Entered the Ecumenical Temple
  3311 | Temple   | Became a worshipper of Vehumet
  3353 | D:5      | Entered Level 5 of the Dungeon
  3370 | D:5      | Reached XP level 7. HP: 36/40 MP: 11/13
  3677 | D:2      | Bought a book of Geomancy for 198 gold pieces
  3681 | D:2      | Learned a level 3 spell: Stone Arrow
  3683 | D:2      | Learned a level 1 spell: Sandblast
  3886 | D:3      | Found a glowing golden altar of the Shining One.
  4195 | D:4      | Found Jainev's Weapon Emporium.
  4240 | D:4      | Found Lamedopu's Jewellery Shop.
  4251 | D:4      | Found Anloq's Antique Weapon Shoppe.
  4277 | D:4      | Found Hoozedua's Antique Armour Boutique.
  4401 | D:4      | Found an ancient bone altar of Kikubaaqudgha.
  4404 | D:4      | Found an ornate altar of the Wu Jian Council.
  4770 | D:4      | Found a staircase to the Ecumenical Temple.
  5099 | D:5      | Reached skill level 5 in Conjurations
  5099 | D:5      | Reached skill level 5 in Earth Magic
  5305 | D:5      | Found an opulent altar of Gozag.
  5539 | D:5      | Reached XP level 8. HP: 44/44 MP: 10/14
  5889 | D:5      | Found a runed translucent gate.
  5890 | D:5      | Found a runed translucent gate.
  5891 | D:5      | Found a runed translucent gate.
  5892 | D:5      | Noticed bl3nd3r's ghost (novice MiBe)
  5893 | D:5      | Noticed MrCrawl's ghost (novice DsNe)
  5893 | D:5      | Noticed Dirian's ghost (novice MiFi)
  5893 | D:5      | Noticed MrCrawl's ghost (novice DsNe)
  5979 | D:5      | Noticed a two-headed ogre
  5985 | D:5      | Killed a two-headed ogre
  5986 | D:5      | Reached skill level 7 in Dodging
  6244 | D:6      | Noticed a kobold demonologist
  6254 | D:6      | Killed a kobold demonologist
  6254 | D:6      | Reached * piety under Vehumet
  6254 | D:6      | Offered knowledge of Foxfire by Vehumet.
  6255 | D:6      | Reached XP level 9. HP: 52/52 MP: 3/20
  6452 | D:6      | Reached skill level 8 in Dodging
  7061 | D:6      | Noticed a gargoyle
  7064 | D:6      | Killed a gargoyle
  7065 | D:6      | Reached skill level 5 in Fighting
  7065 | D:6      | Reached skill level 9 in Dodging
  7763 | D:6      | Found a basalt altar of Yredelemnul.
  7827 | D:6      | Noticed Sigmund
  7831 | D:6      | Killed Sigmund
  7831 | D:6      | Offered knowledge of Scorch by Vehumet.
  7832 | D:6      | Reached skill level 10 in Dodging
  8060 | D:7      | Reached ** piety under Vehumet
  9035 | D:7      | Reached XP level 10. HP: 60/60 MP: 14/21
  9167 | D:8      | Noticed a two-headed ogre
  9171 | D:8      | Killed a two-headed ogre
  9253 | D:8      | Reached skill level 11 in Dodging
  9363 | D:8      | Noticed Psyche
  9374 | D:8      | Killed Psyche
  9419 | D:8      | Found a shimmering blue altar of Sif Muna.
  9425 | D:8      | Found a sparkling altar of Nemelex Xobeh.
  9428 | D:8      | Offered knowledge of Static Discharge by Vehumet.
  9620 | D:8      | Found a snail-covered altar of Cheibriados.
  9985 | D:8      | Noticed Grum
 10025 | D:8      | Killed Grum
 10296 | D:4      | Bought a pair of runed boots for 135 gold pieces
 10400 | D:9      | Found a staircase to the Orcish Mines.
 10679 | D:9      | Reached skill level 12 in Dodging
 10679 | D:9      | Reached *** piety under Vehumet
 11419 | D:9      | Found a hazy altar of Hepliaklqana.
 11611 | D:9      | Offered knowledge of Mephitic Cloud by Vehumet.
 12305 | D:2      | Bought a potion of haste for 130 gold pieces
 12305 | D:2      | Bought a potion of curing for 39 gold pieces
 12305 | D:2      | Bought a potion of attraction for 39 gold pieces
 12481 | D:10     | Entered Level 10 of the Dungeon
 12589 | D:10     | Reached XP level 11. HP: 69/69 MP: 18/22
 12618 | D:10     | Found a staircase to the Lair.
 12832 | D:10     | Noticed a two-headed ogre
 12847 | D:10     | Reached skill level 13 in Dodging
 12869 | D:10     | Killed a two-headed ogre
 12921 | D:10     | Noticed a centaur warrior
 12926 | D:10     | Killed a centaur warrior
 12980 | D:10     | Noticed an ogre mage
 12985 | D:10     | Killed an ogre mage
 13057 | D:10     | Noticed a tengu warrior
 13389 | D:10     | Noticed a deep elf pyromancer
 13392 | D:10     | Killed a deep elf pyromancer
 13946 | D:10     | Reached skill level 14 in Dodging
 14143 | Lair:1   | Entered Level 1 of the Lair of Beasts
 14525 | Lair:1   | Reached **** piety under Vehumet
 14860 | Lair:1   | Noticed Fannar
 14882 | Lair:1   | Slain by Fannar

Illustrated notes

Levels and vault maps discovered:
D:1:      dpeg_arrival_fog, layout_rooms
D:2:      layout_rooms, serial_shops, shop, nicolae_shop_tiny_glass, shop,
          shop_statue, shop, minmay_snake_closets
D:3:      layout_basic, mainiacjoe_overflow_surrounded_room
D:4:      layout_basic, nicolae_overflow_squiral, minmay_temple_entry_fiery,
          serial_shops, nicolae_shop_tiny_glass, shop,
          nicolae_shop_hallway_stairs, nicolae_shop_rolling_square,
          serial_bayou_lake_a
D:5:      layout_loops_corners, nicolae_gozag_seed_capital,
          gammafunk_ghost_cemetery, nicolae_kite_square_tiling_tiny,
          st_stairs_9, hangedman_decor_points
D:6:      minmay_cornered_nines, layout_rooms, lemuel_round_altar,
          chequers_garden, uniq_sigmund
D:7:      layout_loops_cross, minmay_misc_feat_secret_circle
D:8:      layout_loops_ring, mainiacjoe_overflow_concentric_impassable,
          nemelex_xobeh_ov_fountains_minmay, overflow_temple_1_default,
          uniq_psyche, uniq_grum
D:9:      layout_roguey, mainiacjoe_overflow_24_doors, david_orc_3
D:10:     hangedman_cross_veins, layout_cave_pods, mainiacjoe_overflow_swirl,
          lair_entry_dummy
Temple:   nicolae_temple_ecumenical_triangle
Lair:1:   layout_misc_corridors, uniq_fannar

Skill      XL: |  1  2  3  4  5  6  7  8  9 10 11 |
---------------+----------------------------------+-----
Fighting       | 1 2 3 6 8 9 |  9.9
Dodging        | 3 4 5 6 7 10 12 14 | 14.7
Conjurations   | 2 3 5 6 |  6.0
Earth Magic    | 2 4 5 6 |  6.0
Spellcasting   | 6 |  6.0
Unarmed Combat | |  2.4
Transmutations | |  2.1

Action                     |  1- 3 |  4- 6 |  7- 9 | 10-12 || total
---------------------------+-------+-------+-------+-------++-------
  Melee: Unarmed           |    26 |       |       |       ||    26
         Kick              |    12 |    47 |     1 |       ||    60
         Headbutt          |     6 |    30 |       |       ||    36
         Whip              |    61 |   205 |    20 |       ||   286
         Punch             |     1 |     5 |     1 |       ||     7
         Staff             |       |       |     1 |       ||     1
   Cast: Beastly Appendage |    16 |    40 |     2 |       ||    58
         Stone Arrow       |       |       |   112 |   132 ||   244
         Sandblast         |       |       |     8 |    30 ||    38
  Evoke: Wand              |       |       |     5 |     4 ||     9
    Use: Potion            |     1 |       |       |       ||     1
         Scroll            |       |       |       |    13 ||    13
   Stab: Sleeping          |       |     1 |       |       ||     1
 Armour: Robe              |    25 |    48 |    12 |    24 ||   109
         Skin              |     3 |       |       |       ||     3
  Dodge: Dodged            |    55 |   132 |    34 |    84 ||   305
